TOP OF THE 1ST |
Stanford University Cardinal batting - Pitching for University of Toronto Marlies : RHP Jay Hagan
|
Pitching: RHP Jay Hagan
|
|
Batting: RHB Joe Gabriel
|
0-0: Foul Ball, location: 2F 0-1: Ball 1-1: Ball 2-1: SINGLE (Line Drive, 5D, EV 103.1 MPH)
|
Batting: LHB Chien Sam
|
0-0: SINGLE (Groundball, 6D, EV 97.5 MPH) Joe Gabriel to second
|
Batting: LHB Donny Kleinjan
|
0-0: Swinging Strike 0-1: Ball 1-1: Swinging Strike 1-2: Ball 2-2: Strikes out looking
|
Batting: RHB Joe Petley
|
0-0: 3-RUN HOME RUN (Flyball, 89XD, EV 105.6 MPH), Distance : 407 ft
|
Batting: LHB Mike Keating
|
0-0: Ball 1-0: Ball 2-0: Swinging Strike 2-1: Called Strike 2-2: Ball 3-2: Strikes out looking
|
Batting: RHB John Van der Linden
|
0-0: Called Strike 0-1: Ground out 5-3 (Groundball, 56, EV 87.5 MPH)
|
Top of the 1st over - 3 runs, 3 hits, 0 errors, 0 left on base; Stanford University 3 - University of Toronto 0 |
BOTTOM OF THE 1ST |
University of Toronto Marlies batting - Pitching for Stanford University Cardinal : RHP Ray Fogle
|
Pitching: RHP Ray Fogle
|
|
Batting: LHB Efrem Isaev
|
0-0: Ball 1-0: Ball 2-0: Ball 3-0: Base on Balls
|
Batting: RHB Logan Johnson
|
0-0: Ball 1-0: Ball 2-0: Called Strike Efrem Isaev steals 2nd, throwing error, E2 Efrem Isaev to third 2-1: Fly out, F7 (Flyball, 7, EV 84.4 MPH)
|
Batting: SHB Jack Tierney
|
0-0: Ball 1-0: Foul Ball, location: 2F 1-1: Foul Ball, location: 2F 1-2: Ball 2-2: Ball 3-2: Ground out 6-3 (Groundball, 6, EV 91.2 MPH) Efrem Isaev scores
|
Batting: RHB Akichika Yamano
|
0-0: Ball 1-0: Ball 2-0: Called Strike 2-1: Fly out, F8 (Flyball, 8RD, EV 101.9 MPH)
|
Bottom of the 1st over - 1 run, 0 hits, 1 error, 0 left on base; Stanford University 3 - University of Toronto 1 |
TOP OF THE 2ND |
Stanford University Cardinal batting - Pitching for University of Toronto Marlies : RHP Jay Hagan
|
Batting: LHB Bryan Davidson
|
0-0: Foul Ball, location: 2F 0-1: Called Strike 0-2: SINGLE (Groundball, 6D, EV 97.5 MPH)
|
Batting: RHB Josh Benefield
|
0-0: Ball 1-0: Foul Ball, location: 2F 1-1: Ball 2-1: Ball 3-1: Called Strike 3-2: Strikes out swinging
|
Batting: RHB Ted Hickey
|
0-0: Fielders Choice at 2nd, 6-4 (Groundball, 6, EV 108.8 MPH)
|
Batting: RHB Joe Gabriel
|
0-0: Swinging Strike 0-1: Called Strike 0-2: Ball 1-2: Ball 2-2: Ball 3-2: SINGLE (Groundball, 56D, EV 110.6 MPH) Ted Hickey to second Ted Hickey to third
|
Batting: LHB Chien Sam
|
0-0: Ball 1-0: Fly out, F9 (Flyball, 9, EV 88.8 MPH)
|
Top of the 2nd over - 0 runs, 2 hits, 0 errors, 2 left on base; Stanford University 3 - University of Toronto 1 |
BOTTOM OF THE 2ND |
University of Toronto Marlies batting - Pitching for Stanford University Cardinal : RHP Ray Fogle
|
Batting: SHB Shannon Britten
|
0-0: Called Strike 0-1: Ball 1-1: Ground out 5-3 (Groundball, 5, EV 94.4 MPH)
|
Batting: RHB Elmar Adenauer
|
0-0: Ball 1-0: Foul Ball, location: 2F 1-1: Ball 2-1: Foul Ball, location: 2F 2-2: Foul Ball, location: 2F 2-2: Ball 3-2: DOUBLE (Line Drive, 9LS, EV 99.4 MPH)
|
Batting: RHB Charlie Townend
|
0-0: Called Strike 0-1: Ground out 5-3 (Groundball, 56S, EV 86.9 MPH)
|
Batting: SHB Conrade Gordon
|
0-0: Called Strike 0-1: Fly out, F8 (Flyball, 8RD, EV 92.5 MPH)
|
Bottom of the 2nd over - 0 runs, 1 hit, 0 errors, 1 left on base; Stanford University 3 - University of Toronto 1 |
TOP OF THE 3RD |
Stanford University Cardinal batting - Pitching for University of Toronto Marlies : RHP Jay Hagan
|
Batting: LHB Donny Kleinjan
|
0-0: Ball 1-0: Ball 2-0: Ground out 1-3 (Groundball, 34S, EV 66.9 MPH)
|
Batting: RHB Joe Petley
|
0-0: Ball 1-0: Ball 2-0: Ball 3-0: Base on Balls
|
Batting: LHB Mike Keating
|
0-0: Ball 1-0: Foul Ball, location: 2F 1-1: Foul Ball, location: 2F 1-2: Ball 2-2: Fly out, F7 (Flyball, 7, EV 94.4 MPH)
|
Batting: RHB John Van der Linden
|
0-0: Ball 1-0: Foul Ball, location: 2F 1-1: Called Strike 1-2: Ball 2-2: SINGLE (Line Drive, 78S, EV 97.5 MPH) Joe Petley to second Runner from 2nd tries for 3rd, SAFE, no throw by LF
|
Batting: LHB Bryan Davidson
|
0-0: Called Strike 0-1: Foul Ball, location: 2F 0-2: Ball 1-2: Ball 2-2: Fly out, F9 (Flyball, 9, EV 80.0 MPH)
|
Top of the 3rd over - 0 runs, 1 hit, 0 errors, 2 left on base; Stanford University 3 - University of Toronto 1 |
BOTTOM OF THE 3RD |
University of Toronto Marlies batting - Pitching for Stanford University Cardinal : RHP Ray Fogle
|
Batting: SHB Jose Melendez
|
0-0: Called Strike 0-1: Called Strike 0-2: Ball 1-2: Strikes out swinging
|
Batting: LHB Efrem Isaev
|
0-0: Called Strike 0-1: Ball 1-1: Called Strike 1-2: Ball 2-2: Ball 3-2: Base on Balls
|
Batting: RHB Logan Johnson
|
0-0: Swinging Strike 0-1: Swinging Strike 0-2: Strikes out swinging
|
Batting: SHB Jack Tierney
|
0-0: Called Strike 0-1: Ball 1-1: Ball 2-1: Foul Ball, location: 2F 2-2: Strikes out swinging
|
Bottom of the 3rd over - 0 runs, 0 hits, 0 errors, 1 left on base; Stanford University 3 - University of Toronto 1 |
TOP OF THE 4TH |
Stanford University Cardinal batting - Pitching for University of Toronto Marlies : RHP Jay Hagan
|
Batting: RHB Josh Benefield
|
0-0: Fly out, F6 (Popup, 6M, EV 55.0 MPH)
|
Batting: RHB Ted Hickey
|
0-0: Ball 1-0: Ground out U3 (Groundball, 34, EV 103.8 MPH)
|
Batting: RHB Joe Gabriel
|
0-0: Ball 1-0: Ball 2-0: Fly out, F8 (Line Drive, 8LD, EV 85.0 MPH)
|
Top of the 4th over - 0 runs, 0 hits, 0 errors, 0 left on base; Stanford University 3 - University of Toronto 1 |
BOTTOM OF THE 4TH |
University of Toronto Marlies batting - Pitching for Stanford University Cardinal : RHP Ray Fogle
|
Batting: RHB Akichika Yamano
|
0-0: Ball 1-0: Ball 2-0: Called Strike 2-1: Foul Ball, location: 2F 2-2: SOLO HOME RUN (Flyball, 7LD, EV 95.6 MPH), Distance : 354 ft
|
Batting: SHB Shannon Britten
|
0-0: Ground out U3 (Groundball, 34S, EV 66.2 MPH)
|
Batting: RHB Elmar Adenauer
|
0-0: Ball 1-0: Foul Ball, location: 2F 1-1: Foul Ball, location: 2F 1-2: Strikes out swinging
|
Batting: RHB Charlie Townend
|
0-0: Called Strike 0-1: Fly out, F7 (Flyball, 78M, EV 89.4 MPH)
|
Bottom of the 4th over - 1 run, 1 hit, 0 errors, 0 left on base; Stanford University 3 - University of Toronto 2 |
TOP OF THE 5TH |
Stanford University Cardinal batting - Pitching for University of Toronto Marlies : RHP Jay Hagan
|
Batting: LHB Chien Sam
|
0-0: Ball 1-0: Ground out 1-3 (Groundball, P, EV 74.4 MPH)
|
Batting: LHB Donny Kleinjan
|
0-0: Ball 1-0: Ball 2-0: DOUBLE (Line Drive, 9LM, EV 102.5 MPH)
|
Batting: RHB Joe Petley
|
0-0: Ball 1-0: Ball 2-0: Ball 3-0: Called Strike 3-1: Fly out, F7 (Line Drive, 78S, EV 96.2 MPH)
|
Batting: LHB Mike Keating
|
0-0: Hit by Pitch
|
Batting: RHB John Van der Linden
|
0-0: Ball 1-0: Called Strike 1-1: Ground out 4-3 (Groundball, 34, EV 91.9 MPH)
|
Top of the 5th over - 0 runs, 1 hit, 0 errors, 2 left on base; Stanford University 3 - University of Toronto 2 |
BOTTOM OF THE 5TH |
University of Toronto Marlies batting - Pitching for Stanford University Cardinal : RHP Ray Fogle
|
Batting: SHB Conrade Gordon
|
0-0: Ball 1-0: SOLO HOME RUN (Flyball, 9D, EV 98.8 MPH), Distance : 364 ft
|
Batting: SHB Jose Melendez
|
0-0: SINGLE (Line Drive, 4MD, EV 103.8 MPH)
|
Batting: LHB Efrem Isaev
|
0-0: Called Strike Jose Melendez steals 2nd base (no throw) 0-1: Fly out, F9 (Flyball, 9D, EV 110.6 MPH) Runner from 2nd tags up, SAFE at 3rd, no throw by RF
|
Batting: RHB Logan Johnson
|
0-0: Called Strike 0-1: Ball 1-1: Ball 2-1: Ball 3-1: Base on Balls
|
Batting: SHB Jack Tierney
|
0-0: Ball 1-0: Ball 2-0: Fly out, F8 (Flyball, 8LD, EV 90.0 MPH)
|
Batting: RHB Akichika Yamano
|
0-0: Ground out 4-3 (Groundball, 4, EV 87.5 MPH)
|
Bottom of the 5th over - 1 run, 2 hits, 0 errors, 2 left on base; Stanford University 3 - University of Toronto 3 |
TOP OF THE 6TH |
Stanford University Cardinal batting - Pitching for University of Toronto Marlies : RHP Jay Hagan
|
Batting: LHB Bryan Davidson
|
0-0: Ball 1-0: Fly out, F9 (Line Drive, 89XD, EV 98.8 MPH)
|
Pitching: RHP Brad Cannell
|
|
Batting: RHB Josh Benefield
|
0-0: Foul Ball, location: 2F 0-1: Ball 1-1: Ball 2-1: Fly out, F8 (Flyball, 8LD, EV 89.4 MPH)
|
Batting: RHB Ted Hickey
|
0-0: Called Strike 0-1: Swinging Strike 0-2: Strikes out swinging
|
Top of the 6th over - 0 runs, 0 hits, 0 errors, 0 left on base; Stanford University 3 - University of Toronto 3 |
BOTTOM OF THE 6TH |
University of Toronto Marlies batting - Pitching for Stanford University Cardinal : RHP Ray Fogle
|
Batting: SHB Shannon Britten
|
0-0: Called Strike 0-1: Foul Ball, location: 2F 0-2: Foul Ball, location: 2F 0-2: Foul Ball, location: 2F 0-2: Ball 1-2: Foul Ball, location: 2F 1-2: Ball 2-2: Fly out, F8 (Flyball, 8RXD, EV 101.9 MPH)
|
Pitching: LHP Joe Alverson
|
|
Batting: RHB Elmar Adenauer
|
0-0: Swinging Strike 0-1: Swinging Strike 0-2: Fly out, F4 (Flyball, 34D, EV 92.5 MPH)
|
Batting: RHB Charlie Townend
|
0-0: Ball 1-0: Ball 2-0: Ground out 6-3 (Groundball, 56, EV 106.2 MPH)
|
Bottom of the 6th over - 0 runs, 0 hits, 0 errors, 0 left on base; Stanford University 3 - University of Toronto 3 |
TOP OF THE 7TH |
Stanford University Cardinal batting - Pitching for University of Toronto Marlies : RHP Brad Cannell
|
Batting: RHB Joe Gabriel
|
0-0: Ball 1-0: Ball 2-0: Foul Ball, location: 2F 2-1: Swinging Strike 2-2: Ball 3-2: Base on Balls
|
Batting: LHB Chien Sam
|
0-0: DOUBLE (Line Drive, 5D, EV 104.4 MPH) Joe Gabriel to third
|
Batting: LHB Donny Kleinjan
|
0-0: Intentional Walk
|
Pinch Hitting: LHB Andy Swan
|
0-0: Fly out, F8 (Flyball, 8LS, EV 88.8 MPH)
|
Pinch Hitting: RHB Dzevat Koljevic
|
0-0: Called Strike 0-1: Swinging Strike 0-2: Ball 1-2: SINGLE (Line Drive, 89S, EV 101.2 MPH) Joe Gabriel scores Chien Sam to third Donny Kleinjan to second
|
Batting: RHB John Van der Linden
|
0-0: SINGLE (Groundball, 4MD, EV 97.5 MPH) Chien Sam scores Donny Kleinjan to third Dzevat Koljevic to second Runner from 3rd tries for Home, SAFE, throw by CF to home
|
Batting: LHB Bryan Davidson
|
0-0: Called Strike 0-1: Ball 1-1: Ball 2-1: Foul Ball, location: 2F 2-2: Foul Ball, location: 2F 2-2: Fly out, F9 (Flyball, 9, EV 91.2 MPH)
|
Batting: RHB Josh Benefield
|
0-0: Called Strike 0-1: Fly out, F7 (Flyball, 78M, EV 91.2 MPH)
|
Top of the 7th over - 3 runs, 3 hits, 0 errors, 2 left on base; Stanford University 6 - University of Toronto 3 |
BOTTOM OF THE 7TH |
University of Toronto Marlies batting - Pitching for Stanford University Cardinal : LHP Joe Alverson
|
Now at 3B: Dzevat Koljevic
|
|
Now in LF: Caleb Hartwell
|
|
Batting: SHB Conrade Gordon
|
0-0: Ball 1-0: Fly out, F8 (Flyball, 89D, EV 86.2 MPH)
|
Batting: SHB Jose Melendez
|
0-0: Ball 1-0: Ground out U3 (Groundball, 34, EV 97.5 MPH)
|
Batting: LHB Efrem Isaev
|
0-0: Swinging Strike 0-1: Ball 1-1: SINGLE (Line Drive, 8LM, EV 103.1 MPH)
|
Batting: RHB Logan Johnson
|
0-0: Foul Ball, location: 2F 0-1: Foul Ball, location: 2F 0-2: Ball 1-2: Ground out 6-3 (Groundball, 6S, EV 85.6 MPH)
|
Bottom of the 7th over - 0 runs, 1 hit, 0 errors, 1 left on base; Stanford University 6 - University of Toronto 3 |
TOP OF THE 8TH |
Stanford University Cardinal batting - Pitching for University of Toronto Marlies : RHP Brad Cannell
|
Pitching: RHP Aaron Knight
|
|
Batting: RHB Ted Hickey
|
0-0: Ground out 4-3 (Groundball, 4MS, EV 76.2 MPH)
|
Batting: RHB Joe Gabriel
|
0-0: Swinging Strike 0-1: Ball 1-1: Called Strike 1-2: Strikes out looking
|
Batting: LHB Chien Sam
|
0-0: Called Strike 0-1: Foul Ball, location: 2F 0-2: Ball 1-2: Ball 2-2: Foul Ball, location: 2F 2-2: Foul Ball, location: 2F 2-2: Reached on error, E6 (Groundball, 6M, EV 96.2 MPH)
|
Batting: LHB Donny Kleinjan
|
0-0: Called Strike 0-1: Foul Ball, location: 2F 0-2: Foul Ball, location: 2F 0-2: Ball 1-2: Foul Ball, location: 2F 1-2: Ball 2-2: Foul Ball, location: 2F 2-2: Ball 3-2: Base on Balls
|
Batting: LHB Caleb Hartwell
|
0-0: Ball 1-0: Called Strike 1-1: Fly out, F8 (Flyball, 8LD, EV 99.4 MPH)
|
Top of the 8th over - 0 runs, 0 hits, 1 error, 2 left on base; Stanford University 6 - University of Toronto 3 |
BOTTOM OF THE 8TH |
University of Toronto Marlies batting - Pitching for Stanford University Cardinal : LHP Joe Alverson
|
Batting: SHB Jack Tierney
|
0-0: Called Strike 0-1: Foul Ball, location: 2F 0-2: Ball 1-2: Ball 2-2: Ball 3-2: Strikes out swinging
|
Batting: RHB Akichika Yamano
|
0-0: Ball 1-0: SINGLE (Groundball, 6MD, EV 101.9 MPH)
|
Batting: SHB Shannon Britten
|
0-0: Ball 1-0: Called Strike 1-1: Foul Ball, location: 2F 1-2: Fielders Choice at 2nd, 4-6 (Groundball, 4, EV 80.6 MPH)
|
Batting: RHB Elmar Adenauer
|
0-0: SINGLE (Groundball, 6S, EV 70.6 MPH) (infield hit) Shannon Britten to second
|
Pitching: RHP Dante Verduzco
|
|
Batting: RHB Charlie Townend
|
0-0: Ground out U3 (Groundball, 3L, EV 85.6 MPH)
|
Bottom of the 8th over - 0 runs, 2 hits, 0 errors, 2 left on base; Stanford University 6 - University of Toronto 3 |
TOP OF THE 9TH |
Stanford University Cardinal batting - Pitching for University of Toronto Marlies : RHP Aaron Knight
|
Pitching: RHP Luke Stannard
|
|
Batting: RHB Dzevat Koljevic
|
0-0: Ball 1-0: Ball 2-0: Called Strike 2-1: Ball 3-1: Foul Ball, location: 2F 3-2: Foul Ball, location: 2F 3-2: Strikes out swinging
|
Batting: RHB John Van der Linden
|
0-0: Ball 1-0: Foul Ball, location: 2F 1-1: Ball 2-1: Ball 3-1: Reached on error, E4 (Groundball, 4, EV 87.5 MPH)
|
Batting: LHB Bryan Davidson
|
0-0: Called Strike 0-1: Called Strike 0-2: Ball 1-2: DOUBLE (Line Drive, 5D, EV 96.9 MPH) John Van der Linden to third
|
Batting: RHB Josh Benefield
|
0-0: Intentional Walk
|
Batting: RHB Ted Hickey
|
0-0: Ball 1-0: Ball 2-0: Ball 3-0: Base on Balls John Van der Linden scores Bryan Davidson to third Josh Benefield to second
|
Pitching: RHP Gui XĂș
|
|
Batting: RHB Joe Gabriel
|
0-0: DOUBLE (Line Drive, 9LS, EV 101.9 MPH) Bryan Davidson scores Josh Benefield scores Ted Hickey to third Runner from 3rd tries for Home, SAFE, throw by RF to trailing runner, OUT at third! 9-3-5
|
Batting: LHB Chien Sam
|
0-0: Foul Ball, location: 2F 0-1: Ball 1-1: Called Strike 1-2: Ball 2-2: Ground out U3 (Groundball, 3, EV 103.8 MPH)
|
Top of the 9th over - 4 runs, 2 hits, 1 error, 0 left on base; Stanford University 10 - University of Toronto 3 |
BOTTOM OF THE 9TH |
University of Toronto Marlies batting - Pitching for Stanford University Cardinal : RHP Dante Verduzco
|
Batting: SHB Conrade Gordon
|
0-0: Called Strike 0-1: Fly out, F8 (Flyball, 89D, EV 104.4 MPH)
|
Pinch Hitting: LHB Greg Robertson
|
0-0: Foul Ball, location: 2F 0-1: Fly out, F8 (Flyball, 8RM, EV 72.5 MPH)
|
Batting: LHB Efrem Isaev
|
0-0: Called Strike 0-1: Ground out 6-3 (Groundball, P, EV 86.2 MPH)
|
Bottom of the 9th over - 0 runs, 0 hits, 0 errors, 0 left on base; Stanford University 10 - University of Toronto 3 |
|